 Dungeon Crawl Stone Soup version 0.30.1-3-gfc49f6343a (webtiles) character file.

Game seed: 12378952595928709515

654 shmup the Firebug (level 7, 0/36 HPs)
             Began as a Tengu Fire Elementalist on July 31, 2023.
             Was an Initiate of Vehumet.
             Slain by a scorpion (7 damage)
             ... on level 4 of the Dungeon.
             The game lasted 00:17:00 (4688 turns).

shmup the Firebug (Tengu Fire Elementalist)         Turns: 4688, Time: 00:17:00

Health: 0/36       AC:  2    Str:  6    XL:     7   Next: 54%
Magic:  11/11      EV: 15    Int: 18    God:    Vehumet [......]
Gold:   270        SH:  0    Dex: 17    Spells: 7/10 levels left

rFire   + . .        b - staff of conjuration
rCold   + + .        (no shield)
rNeg    + + .        f - +0 robe
rPois   .            (helmet restricted)
rElec   .            G - scarf {rC+ rF+}
rCorr   .            (no gloves)
SInv    +            (boots unavailable)
Will    .....        (no amulet)
Stlth   ++           o - ring of Orrip {rC+ rN++ Str-2 Dex+3 SInv}
HPRegen 0.26/turn    (no ring)
MPRegen 0.12/turn

%: no passive effects
@: lethally poisoned (0 -> -11), flying quickly and evasively, quick
A: beak, talons 3, nimble flight
a: Renounce Religion


You were on level 4 of the Dungeon.
You worshipped Vehumet.
Vehumet was noncommittal.
You visited 2 branches of the dungeon, and saw 6 of its levels.

You collected 270 gold pieces.

Inventory:

Hand Weapons
 a - a +1 dagger of venom
 s - a +2 long sword of pain
 t - a +2 dagger of holy wrath
 u - a +0 dagger
Missiles
 d - 43 stones (quivered)
 h - 13 poisoned darts
 E - 2 curare-tipped darts
Armour
 f - a +0 robe (worn)
 G - a scarf of resistance (worn)
Magical Staves
 b - a staff of conjuration (weapon)
 g - a staff of poison
Jewellery
 o - the ring of Orrip (left hand) {rC+ rN++ Str-2 Dex+3 SInv}
   (You acquired it on level 1 of the Dungeon)

   [ring of protection from cold]

   Str:       It affects your strength (-2).
   Dex:       It affects your dexterity (+3).
   rC:        It protects you from cold.
   rN:        It greatly protects you from negative energy.
   SInv:      It lets you see invisible.
 D - an amulet of guardian spirit
Wands
 y - a wand of paralysis (5)
Scrolls
 e - 3 scrolls of enchant weapon
 i - a scroll of amnesia {unknown}
 j - a scroll of fog {unknown}
 p - a scroll of teleportation {unknown}
 r - a scroll of butterflies {unknown}
 v - a scroll of vulnerability {unknown}
 w - a scroll of immolation {unknown}
 x - a scroll of fear {unknown}
Potions
 c - 6 potions of curing {unknown}
 k - 4 potions of might {unknown}
 l - 2 potions of attraction {unknown}
 m - 2 potions of mutation {unknown}
 n - a potion of haste {unknown}
 z - 2 potions of lignification {unknown}
 A - a potion of invisibility {unknown}
 B - 2 potions of cancellation {unknown}
 C - a potion of brilliance {unknown}
 F - a potion of heal wounds {unknown}


   Skills:
 - Level 2.1 Dodging
 - Level 2.0 Stealth
 - Level 2.0 Spellcasting
 + Level 6.0 Conjurations
 * Level 7.9 Fire Magic


You had 7 spell levels left.
You knew the following spells:

 Your Spells              Type           Power      Damage    Failure   Level
a - Foxfire               Conj/Fire      100%       2x1d9     1%          1
b - Scorch                Fire           60%        2d7       1%          2

Your spell library contained the following spells:

 Spells                   Type           Power      Damage    Failure   Level
 Inner Flame              Hex/Fire       16%        N/A       11%         3
 Volatile Blastmotes      Fire/Tloc      32%        2d12      11%         3
 Flame Wave               Conj/Fire      40%        2d11      11%         4
 Sticky Flame             Conj/Fire      40%        2d6       11%         4
 Sting                    Tmut/Pois      4%         1d3       19%         1
 Ignite Poison            Fire/Tmut/Pois 11%        N/A       19%         3
 Poisonous Vapours        Pois/Air       2%         N/A       26%         2
 Sublimation of Blood     Necr           1%         N/A       26%         2
 Irradiate                Conj/Tmut      9%         3d14      82%         5
 Olgreb's Toxic Radiance  Pois           1%         N/A       87%         4
 Petrify                  Tmut/Erth      1%         N/A       87%         4
 Ignition                 Fire           15%        3d6       100%        8


Dungeon Overview and Level Annotations

Branches:
Dungeon (5/15) Zot: 25635  Temple (1/1) D:4 Zot: 5827

Altars:
Dithmenos
Elyvilon
Fedhas
Hepliaklqana
Kikubaaqudgha
Nemelex Xobeh
Okawaru
Ru
Sif Muna
Trog
Uskayaw
Vehumet
Xom
Yredelemnul
Zin
The Shining One


Innate Abilities, Weirdness & Mutations

You have a beak for a mouth.
You have claws for feet.
Your magical nature lets you fly swiftly and evasively.


Message History

You fly upwards.
Your magical contamination has completely faded away.
There is a stone staircase leading down here.
The scorpion stings you.
You are poisoned.
The scorpion poisons you! The scorpion stings you.
You feel very sick.
You feel sick.
Casting: Scorch (safe; 1% risk of failure)
Confirm with . or Enter, or press ? or * to list all spells.
Flames lash the scorpion.
The scorpion is moderately wounded.
The scorpion's fire resistance burns away.
You feel sick. The scorpion barely misses you.
Casting: Scorch (safe; 1% risk of failure)
Confirm with . or Enter, or press ? or * to list all spells.
Flames lash the scorpion.
The scorpion is moderately wounded.
You feel sick. The scorpion stings you.
* * * LOW HITPOINT WARNING * * *
Unknown command.
You feel sick. The scorpion attacks as you move away!
The scorpion barely misses you.
You feel sick.
You see here a +0 club.
You feel sick. The scorpion attacks as you move away! The scorpion stings you.
* * * LOW HITPOINT WARNING * * *
You feel sick.
You feel sick.
You are no longer poisoned.
The scorpion is no longer more vulnerable to fire.
The scorpion attacks as you move away! The scorpion stings you!
* * * LOW HITPOINT WARNING * * *
Okay, then.
Magic courses through your body. The scorpion stings you.
* * * LOW HITPOINT WARNING * * *
You are lethally poisoned!
The scorpion poisons you! The scorpion stings you!
You die...

▒▒.▒▒ ▒..........▒
▒.▒ ▒.▒
▒.▒▒▒▒▒.▒▒.▒ ▒.▒
▒.▒ ▒.▒ ▒...▒▒.▒
▒▒.▒ ▒.▒
▒.▒▒▒...▒▒.▒▒▒▒...
▒.▒
▒.▒.....▒▒........
▒.▒
▒...▒.▒.▒▒.▒▒▒▒▒▒▒
▒.▒
▒.▒...............
▒.▒
▒.▒.▒.▒.▒▒.▒▒▒▒▒▒.
▒.▒ ▒Q▒.....▒▒.▒
▒. ▒.▒
▒s▒▒▒.▒▒▒..▒ ▒.
▒.▒ ▒..........▒
▒▒▒▒
▒.▒▒▒▒▒.▒..[..▒.▒▒
▒...
▒...............▒
▒.▒▒
▒▒▒▒▒▒▒.▒....>▒.▒
▒... ▒▒)..▒...▒▒.▒
▒.▒. ▒.▒▒▒.▒.▒▒▒.▒
▒.▒. ▒.▒ ▒.▒▒▒ ▒.▒
▒▒%▒.


You could see a scorpion.

Vanquished Creatures
  Sigmund (D:2)
  Menkaure (D:4)
  A black bear (D:2)
  A scorpion (D:4)
  A howler monkey (D:3)
  Ijyb (D:4)
  Robin (D:3)
  3 gnolls
  4 adders
  A worm (D:4)
  An orc (D:3)
  5 bats
  7 endoplasms
  3 giant cockroaches
  21 goblins
  10 hobgoblins
  3 jackals (D:2)
  2 quokkas
  5 ball pythons
  2 frilled lizards
  11 kobolds
  5 rats
90 creatures vanquished.

Vanquished Creatures (others)
  194 foxfires
194 creatures vanquished.

Grand Total: 284 creatures vanquished

Notes
Turn   | Place    | Note
-------+----------+-------------------------------------------
     0 | D:1      | shmup the Tengu Fire Elementalist began the quest for the
                  | Orb.
     0 | D:1      | Reached XP level 1. HP: 10/10 MP: 4/4
   344 | D:1      | Reached XP level 2. HP: 15/15 MP: 3/6
   347 | D:1      | Learned a level 2 spell: Scorch
   728 | D:2      | Reached skill level 4 in Fire Magic
   975 | D:2      | Noticed Sigmund
  1120 | D:2      | Noticed a black bear
  1173 | D:2      | Reached XP level 3. HP: 19/19 MP: 3/7
  1357 | D:2      | Found a faded altar of an unknown god.
  1826 | D:3      | Noticed Robin
  1828 | D:3      | Reached XP level 4. HP: 24/24 MP: 5/8
  2018 | D:3      | Killed Robin
  2034 | D:3      | Reached skill level 5 in Fire Magic
  2501 | D:3      | Gained mutation: Your magical nature lets you fly swiftly
                  | and evasively. [Tengu growth]
  2501 | D:3      | Reached XP level 5. HP: 28/28 MP: 5/9
  2931 | D:4      | Found a glowing silver altar of Zin.
  2958 | D:4      | Noticed Ijyb
  2966 | D:4      | Killed Ijyb
  2971 | D:4      | Reached skill level 6 in Fire Magic
  3165 | D:4      | Noticed Menkaure
  3171 | D:4      | Killed Menkaure
  3172 | D:4      | Reached XP level 6. HP: 32/32 MP: 5/10
  3357 | D:4      | Found a white marble altar of Elyvilon.
  3568 | D:4      | Reached skill level 5 in Conjurations
  3792 | D:4      | Found a staircase to the Ecumenical Temple.
  3889 | Temple   | Entered the Ecumenical Temple
  4074 | Temple   | Became a worshipper of Vehumet
  4230 | D:2      | Killed a black bear
  4231 | D:2      | Reached skill level 7 in Fire Magic
  4231 | D:2      | Reached XP level 7. HP: 36/36 MP: 4/11
  4368 | D:1      | Identified 2 scrolls of acquirement
  4368 | D:1      | Acquired a scarf of resistance
  4382 | D:1      | Acquired the ring of Orrip {rC+ rN++ Str-2 Dex+3 SInv}
  4434 | D:2      | Killed Sigmund
  4599 | D:5      | Entered Level 5 of the Dungeon
  4688 | D:4      | Slain by a scorpion

Illustrated notes

Levels and vault maps discovered:
D:1:      minmay_arrival_radiant_lines, layout_rooms, dreamdust_wishing_well
D:2:      layout_loops_cross, hellmonk_ecumenical_altar_heavens_door,
          uniq_sigmund
D:3:      minmay_bubble_buster, layout_basic, st_stairs_11,
          amcnicky_mini_rare_corridor_liquid, chequers_arboretum, uniq_robin
D:4:      layout_loops_ring, mainiacjoe_overflow_catwalk, elyvilon_altar_3,
          temple_statues, serial_glass, glass_columns_a, glass_columns_a,
          uniq_menkaure, uniq_ijyb
D:5:      minmay_spotlight, layout_loops_ring, lemuel_round_altar,
          chequers_jeans, corexii_hall_statues_i
Temple:   eino_narrow_crystal_temple

Skill      XL: |  1  2  3  4  5  6  7 |
---------------+----------------------+-----
Conjurations   | 2 3 4 5 6 |  6.0
Fire Magic     | 4 5 6 7 |  7.9
Dodging        | |  2.1
Stealth        | |  2.0
Spellcasting   | |  2.0

Action                     |  1- 3 |  4- 6 |  7- 9 || total
---------------------------+-------+-------+-------++-------
  Melee: Staff             |       |     2 |       ||     2
         Kick              |       |     1 |       ||     1
   Cast: Foxfire           |    45 |    69 |     1 ||   115
         Scorch            |     5 |    11 |     9 ||    25
    Use: Scroll            |       |       |     3 ||     3
         Potion            |       |       |     1 ||     1
 Armour: Robe              |       |     1 |       ||     1
  Dodge: Dodged            |     5 |    17 |     6 ||    28
